 Dungeon Crawl Stone Soup version 0.32-a0-12-g7fc57aa741 (webtiles) character file.

Game seed: 12400597275688278545

1304 Ivernyr the Shield-Bearer (level 8, -1/65 HPs)
             Began as a Formicid Fighter on Jan 14, 2024.
             Was an Initiate of Okawaru.
             Slain by a gnoll sergeant
             ... wielding a +2 heavy spear
              (8 damage)
             ... on level 5 of the Dungeon.
             The game lasted 00:08:03 (3902 turns).

Ivernyr the Shield-Bearer (Formicid Fighter)        Turns: 3902, Time: 00:08:04

Health: -1/65      AC:  7    Str: 22    XL:     8   Next: 88%
Magic:  8/8        EV:  8    Int:  9    God:    Okawaru [......]
Gold:   212        SH: 10    Dex: 13    Spells: 7/7 levels left

rFire   + . .        a - +0 quarterstaff
rCold   . . .        c - +0 kite shield
rNeg    . . .        b - +0 scale mail
rPois   +            (helmet unavailable)
rElec   .            (no cloak)
rCorr   .            (no gloves)
SInv    +            (no boots)
Will    .....        (no amulet) Stlth
                     f - ring of protection from fire
HPRegen 0.30/turn    t - ring of poison resistance
MPRegen 0.11/turn

%: no passive effects
@: mighty
A: permanent stasis, dig shafts and tunnels, antennae 3, four strong arms
a: Dig, Shaft Self, Renounce Religion


You were on level 5 of the Dungeon.
You worshipped Okawaru.
Okawaru was noncommittal.
You visited 2 branches of the dungeon, and saw 8 of its levels.

You collected 212 gold pieces.

Inventory:

Hand Weapons
 a - a +0 quarterstaff (weapon)
Armour
 b - a +0 scale mail (worn)
 c - a +0 kite shield (worn)
Jewellery
 f - a ring of protection from fire (left hand)
 t - a ring of poison resistance (right hand)
Wands
 s - a wand of flame (12)
Scrolls
 e - a scroll of amnesia {unknown}
 h - a scroll of blinking {unknown}
 j - 3 scrolls of vulnerability {unknown}
 k - 8 scrolls of identify {unknown}
 l - a scroll of poison {unknown}
 m - a scroll of fear {unknown}
 o - 2 scrolls of enchant weapon {unknown}
 q - a scroll of teleportation {unknown}
 u - a scroll of fog {unknown}
 v - a scroll of enchant armour {unknown}
Potions
 d - 2 potions of might
 g - 3 potions of heal wounds {unknown}
 i - a potion of curing {unknown}
 n - a potion of haste {unknown}
 p - a potion of mutation {unknown}
 r - a potion of cancellation {unknown}


   Skills:
 + Level 6.4 Fighting
 + Level 5.3 Staves
 + Level 6.5 Armour
 + Level 7.7 Shields


You had 7 spell levels left.
You didn't know any spells.
Your spell library contained the following spells:

 Spells                   Type           Power      Damage    Failure   Level
 Ozocubu's Refrigeration  Ice            0%         4d7       100%        7
 Polar Vortex             Ice            0%         N/A       100%        9
 Sculpt Simulacrum        Ice/Alch       Unusable   N/A       N/A         6

Dungeon Overview and Level Annotations

Branches:
Dungeon (7/15)             Temple (1/1) D:5

Altars:
Ashenzari
Dithmenos
Elyvilon
Gozag
Kikubaaqudgha
Makhleb
Nemelex Xobeh
Okawaru
Sif Muna
Trog
Uskayaw
Wu Jian
Xom
Yredelemnul

Shops:
D:4 :

Annotations:
D:3 3 runed translucent doors, losten's ghost, amateur DsGl
D:5 Eustachio


Innate Abilities, Weirdness & Mutations

You cannot be hasted, slowed, berserked, paralysed or teleported.
You can dig through walls and to a lower floor.
You have a pair of large antennae on your head. (SInv)
Your four strong arms can wield two-handed weapons with a shield.


Message History

The jelly is almost dead.
The jelly hits you.
You are splashed with acid!
You hit the jelly.
Your hands burn!
The jelly is almost dead.
You block the jelly's attack. The jelly hits you but does no damage.
You hit the jelly.
You kill the jelly!
Okawaru accepts your kill.
You start resting.
You are no longer corroded.
You start resting.
A gnoll sergeant is nearby!
The gnoll sergeant shouts!
You hear a shout! x2
Found a scroll labelled SATE NUFAO.
v - a scroll labelled SATE NUFAO The gnoll sergeant attacks as it pursues you!
The gnoll sergeant hits you from afar with a +2 heavy spear.
You block the gnoll sergeant's attack.
Found a scroll labelled WYUPOKHYARGH.
You see here a scroll labelled WYUPOKHYARGH.
The gnoll sergeant attacks as it pursues you!
The gnoll sergeant closely misses you.
You feel very mighty all of a sudden.
The gnoll sergeant hits you with a +2 heavy spear!
The gnoll closely misses you.
You closely miss the gnoll sergeant. You block the gnoll's attack.
The gnoll sergeant hits you with a +2 heavy spear!
* * * LOW HITPOINT WARNING * * *
You closely miss the gnoll sergeant.
The gnoll hits you from afar with a +0 spear.
* * * LOW HITPOINT WARNING * * *
You hit the gnoll sergeant but do no damage.
The gnoll sergeant hits you with a +2 heavy spear!
* * * LOW HITPOINT WARNING * * *
You block the gnoll's attack.
You sock the gnoll sergeant!
The gnoll sergeant is moderately wounded.
You block the gnoll's attack.
The gnoll sergeant hits you with a +2 heavy spear!
You die...

........#
....#g####### .#
#####........ .#
#....{{.### .#
#.#####{# .#
#g#.....###.# .#
#.#.##?..{{.# .#
##.#.##.#########.#
#....##......gg@..#
###################


You could see a gnoll sergeant and a gnoll.

Vanquished Creatures
  Pikel (D:4)
  Grinder (D:3)
  Sigmund (D:2)
  2 scorpions
  A jelly (D:5)
  A hound (D:5)
  A bombardier beetle (D:5)
  A sleepcap (D:5)
  Natasha (D:2)
  Robin (D:3)
  6 adders
  A gnoll (Temple)
  4 white imps
  2 ufetubi
  3 dart slugs
  A ribbon worm (D:2)
  7 orcs
  10 endoplasms
  2 giant cockroaches (D:1)
  12 goblins
  16 hobgoblins
  4 jackals (D:1)
  6 quokkas
  5 ball pythons
  6 bats
  A frilled lizard (D:1)
  8 kobolds
  4 rats
109 creatures vanquished.

Notes
Turn   | Place    | Note
-------+----------+-------------------------------------------
     0 | D:1      | Ivernyr the Formicid Fighter began the quest for the Orb.
     0 | D:1      | Reached XP level 1. HP: 18/18 MP: 1/1
    52 | D:1      | Reached XP level 2. HP: 24/24 MP: 2/2
   120 | D:1      | Reached XP level 3. HP: 22/29 MP: 3/3
   482 | D:2      | Found a faded altar of an unknown god.
   522 | D:2      | Reached XP level 4. HP: 30/37 MP: 4/4
   629 | D:2      | Noticed Sigmund
   648 | D:2      | Killed Sigmund
   649 | D:2      | Reached skill level 5 in Shields
   649 | D:2      | Reached XP level 5. HP: 23/43 MP: 5/5
   649 | D:2      | Reached XP level 6. HP: 26/49 MP: 6/6
   899 | D:2      | Noticed Natasha
   907 | D:2      | Killed Natasha
  1120 | D:3      | Noticed Robin
  1195 | D:3      | Killed Robin
  1228 | D:3      | Noticed Grinder
  1249 | D:3      | Killed Grinder
  1250 | D:3      | Reached skill level 5 in Fighting
  1250 | D:3      | Reached skill level 5 in Armour
  1250 | D:3      | Reached skill level 6 in Shields
  1250 | D:3      | Reached XP level 7. HP: 32/56 MP: 7/7
  2011 | D:3      | Found a runed translucent gate.
  2011 | D:3      | Found a runed translucent gate.
  2011 | D:3      | Found a runed translucent gate.
  2012 | D:3      | Found an opulent altar of Gozag.
  2016 | D:3      | Noticed losten's ghost (amateur DsGl)
  2121 | D:4      | Found Witeuj's Self-Improvement Boutique.
  2350 | D:4      | Noticed Pikel
  2371 | D:4      | Killed Pikel
  2372 | D:4      | Reached skill level 7 in Shields
  2372 | D:4      | Reached XP level 8. HP: 17/64 MP: 8/8
  3009 | D:5      | Entered Level 5 of the Dungeon
  3061 | D:5      | Reached skill level 5 in Staves
  3180 | D:5      | Found a staircase to the Ecumenical Temple.
  3189 | D:5      | Noticed Eustachio
  3196 | Temple   | Entered the Ecumenical Temple
  3222 | Temple   | Became a worshipper of Warmaster Okawaru
  3345 | D:5      | You fall into a shaft and drop 2 floors!
  3902 | D:5      | Slain by a gnoll sergeant

Illustrated notes

Levels and vault maps discovered:
D:1:      mainiacjoe_arrival_oval_in_oval, layout_rooms, minmay_surrounded
D:2:      layout_rooms, basic_ecumenical_altar, minmay_pentomino_pile,
          uniq_sigmund, uniq_natasha
D:3:      layout_loops_corners, ebering_ghost_gozag, uniq_grinder, uniq_robin
D:4:      layout_loops_ring, nicolae_shop_self_help, uniq_pikel
D:5:      cheibrodos_barr_body, layout_basic, minmay_temple_entry_slanted,
          st_stairs_14, uniq_eustachio, uniq_menkaure
D:6:      layout_cave_pools, grunt_temple_overflow_gold_and_silver
D:7:      layout_loops_corners, serial_demonic, serial_demonic_c,
          serial_demonic_a, serial_demonic_d, serial_demonic_c,
          serial_demonic_c, lemuel_flame_loot_1
Temple:   nicolae_temple_figure_eight

Skill      XL: |  1  2  3  4  5  6  7  8 |
---------------+-------------------------+-----
Fighting       | 4 5 6 |  6.4
Staves         | 3 4 5 |  5.3
Armour         | 4 5 6 |  6.5
Shields        | 5 6 7 |  7.7

Action                     |  1- 3 |  4- 6 |  7- 9 || total
---------------------------+-------+-------+-------++-------
  Melee: Quarterstaff      |    96 |   106 |   153 ||   355
Ability: Shaft Self        |       |       |     1 ||     1
    Use: Potion            |       |       |     1 ||     1
 Armour: Scale mail        |    72 |    73 |   115 ||   260
  Dodge: Dodged            |    58 |    55 |    45 ||   158
  Block: Buckler           |    36 |    34 |    11 ||    81
         Kite shield       |       |       |    63 ||    63

Table legend: (Time is in decaauts)
 A = Elapsed time spent in this place.
 B = Non-inter-level travel time spent in this place.
 C = Inter-level travel time spent in this place.
 D = Time resting spent in this place.
 E = Time spent auto-exploring this place.
 F = Levels seen in this place.
 G = Mean time per level.
                   A        B        C        D        E       F      G
               +--------+--------+--------+--------+--------+-----+--------+
         Total |   3964 |   3907 |     57 |    855 |   2068 |   8 |  495.5 |
       Dungeon |   3819 |   3762 |     57 |    755 |   2068 |   7 |  545.6 |
        Temple |    144 |    144 |      0 |    100 |      0 |   1 |  144.0 |
               +--------+--------+--------+--------+--------+-----+--------+

Top non-repeatable levels by time:
     D:3: 972 daAuts
     D:4: 893 daAuts
     D:2: 694 daAuts
     D:1: 498 daAuts
     D:5: 351 daAuts
     D:7: 318 daAuts
  Temple: 144 daAuts
     D:6: 90 daAuts
